General information
			
			
        
        - name: BNet
 
        - type: Ladder team game (AT/RT)
 
        - host: Battle.net
 
        - saver: calpants
 
        
map: Goldshire 
        - players: 4
 
        - length: 09:46
 
        - speed: Fast
 - version: 1.22 W3XP
 - replay type:  Public
 
» download(45 KB)
Players
        team 1 (loser) 
              
              
judicatormd (
pink | 46 APM | 443 actions | 09:42)
              
 1 Demon Hunter 
 1 Evasion
 
                » actions 
                
                | Assign group hotkey | 6 |  | 
| Basic commands | 24 |  | 
| Build / train | 44 |  | 
| Enter build submenu | 18 |  | 
| Enter hero's abilities submenu | 1 |  | 
| Right click | 137 |  | 
| Select / deselect | 143 |  | 
| Select group hotkey | 23 |  | 
| Use ability | 47 |  | 
                443 total
 » units 
                » buildings
                
                | Altar of Elders | 1 |  | 
| Moon Well | 2 |  | 
| Hunter's Hall | 1 |  | 
| Ancient of War | 1 |  | 
| Ancient Protector | 10 |  | 
| Tree of Ages | 1 |  | 
                16 total
 » build order
                00:04 Altar of Elders
00:30 Moon Well
02:02 Hunter's Hall
02:06 Moon Well
02:21 Ancient of War
05:11 Ancient Protector
05:13 Ancient Protector
05:51 Ancient Protector
05:54 Ancient Protector
05:57 Ancient Protector
06:17 Ancient Protector
06:19 Ancient Protector
06:21 Ancient Protector
07:14 Ancient Protector
08:11 Ancient Protector
09:25 Tree of Ages
 
               
              
              
qwerty312 (
red | 48 APM | 471 actions | 09:44)
              
 2 Demon Hunter 
 1 Immolation
 1 Evasion
 
                » actions 
                
                | Assign group hotkey | 18 |  | 
| Build / train | 24 |  | 
| Enter build submenu | 12 |  | 
| Enter hero's abilities submenu | 2 |  | 
| Right click | 170 |  | 
| Select / deselect | 169 |  | 
| Select group hotkey | 49 |  | 
| Use ability | 27 |  | 
                471 total
 » units 
                » buildings
                
                | Altar of Elders | 1 |  | 
| Moon Well | 2 |  | 
| Ancient of War | 3 |  | 
| Hunter's Hall | 2 |  | 
| Ancient Protector | 1 |  | 
                9 total
 » build order
                00:05 Altar of Elders
00:17 Moon Well
00:47 Ancient of War
01:08 Ancient of War
02:06 Ancient of War
02:29 Moon Well
03:33 Hunter's Hall
04:20 Hunter's Hall
05:45 Ancient Protector
 
               team 2 (winner) 
              
              
calpants (
yellow | 130 APM | 1270 actions | 09:46)
              
 3 Archmage 
 2 Summon Water Elemental
 1 Brilliance Aura
 
                » actions 
                
                | Assign group hotkey | 15 |  | 
| Basic commands | 146 |  | 
| Build / train | 42 |  | 
| ESC pressed | 3 |  | 
| Enter build submenu | 39 |  | 
| Enter hero's abilities submenu | 3 |  | 
| Remove unit from queue | 1 |  | 
| Right click | 634 |  | 
| Select / deselect | 232 |  | 
| Select group hotkey | 66 |  | 
| Use ability | 89 |  | 
                1270 total
 » units 
                » buildings
                
                | Lumber Mill | 1 |  | 
| Scout Tower | 12 |  | 
| Farm | 10 |  | 
| Guard Tower | 14 |  | 
| Arcane Tower | 1 |  | 
| Altar of Kings | 1 |  | 
| Barracks | 1 |  | 
| Keep | 2 |  | 
| Blacksmith | 2 |  | 
| Town Hall | 1 |  | 
| Gryphon Aviary | 1 |  | 
                46 total
 » build order
                00:22 Lumber Mill
00:51 Scout Tower
00:56 Scout Tower
01:00 Scout Tower
01:02 Scout Tower
01:04 Farm
01:05 Farm
01:08 Farm
01:10 Farm
01:17 Farm
01:21 Scout Tower
01:22 Guard Tower
01:31 Guard Tower
01:32 Guard Tower
01:40 Guard Tower
01:40 Guard Tower
01:56 Arcane Tower
02:06 Farm
02:21 Farm
02:52 Altar of Kings
03:25 Scout Tower
03:26 Scout Tower
03:42 Farm
04:48 Barracks
04:51 Guard Tower
05:55 Scout Tower
06:06 Keep
06:06 Keep
06:28 Guard Tower
07:48 Blacksmith
07:52 Blacksmith
08:08 Town Hall
08:09 Scout Tower
08:10 Scout Tower
08:39 Guard Tower
08:39 Scout Tower
08:41 Scout Tower
09:06 Guard Tower
09:07 Guard Tower
09:07 Guard Tower
09:09 Farm
09:11 Farm
09:22 Gryphon Aviary
 
               
              
              
Computer(Elite) (
orange | 40 APM | 388 actions | 09:44)
              
 3 Blademaster 
 1 Wind Walk
 2 Critical Strike
 
                » actions 
                
                | Assign group hotkey | 3 |  | 
| Basic commands | 6 |  | 
| Build / train | 25 |  | 
| ESC pressed | 1 |  | 
| Enter build submenu | 13 |  | 
| Enter hero's abilities submenu | 3 |  | 
| Right click | 182 |  | 
| Select / deselect | 107 |  | 
| Select group hotkey | 20 |  | 
| Use ability | 28 |  | 
                388 total
 » units 
                » upgrades
                » buildings
                
                | Altar of Storms | 1 |  | 
| Orc Burrow | 5 |  | 
| Barracks | 1 |  | 
| Voodoo Lounge | 1 |  | 
| War Mill | 1 |  | 
| Stronghold | 1 |  | 
| Beastiary | 2 |  | 
                12 total
 » build order
                00:10 Altar of Storms
00:14 Orc Burrow
02:19 Barracks
02:53 Orc Burrow
03:12 Voodoo Lounge
04:10 War Mill
04:28 Stronghold
04:52 Orc Burrow
06:05 Orc Burrow
07:04 Beastiary
07:07 Beastiary
07:58 Orc Burrow
» items
                
                | Healing Salve | 1 |  | 
| Lesser Clarity Potion | 1 |  | 
| Scroll of Speed | 1 |  | 
                3 total
  
                Chat log
          
(03:41 / All) Computer(Elite): lol
(03:59 / All) Computer(Elite): what were hoping to accomplish with that?
(04:21 / All) judicatormd: please
(04:21 / All) judicatormd: my mouse stuck
(06:28 / All) Computer(Elite): lol
(09:44 / All) Computer(Elite): lol